 Dungeon Crawl Stone Soup version 0.24-a0-498-ge00f04a (webtiles) character file.

Game seed: 14654440552804912054

82 silentkaos13 the Skirmisher (level 4, -5/36 HPs)
             Began as a Demonspawn Wanderer on July 13, 2019.
             Slain by Natasha (9 damage)
             ... on level 2 of the Dungeon.
             The game lasted 00:04:41 (1811 turns).

silentkaos13 the Skirmisher (Demonspawn Wanderer)   Turns: 1811, Time: 00:04:41

Health: -5/36      AC:  2    Str: 13    XL:     4   Next: 21%
Magic:  0/6        EV: 11    Int: 12    God:
Gold:   87         SH:  4    Dex: 14    Spells: 5/6 levels left

rFire    . . .     SeeInvis .   a - +0 spear
rCold    . . .     Gourm    .   c - +0 buckler
rNeg     . . .     Faith    .   d - +0 robe
rPois    .         Spirit   +   (no helmet)
rElec    .         Reflect  .   (no cloak)
rCorr    .         Harm     .   (no gloves)
MR       .....                  (no boots)
Stlth    ++........             (no amulet)
HPRegen  0.12/turn              (no ring)
MPRegen  0.10/turn              (no ring)

@: very slightly contaminated
A: spiny 1, magic shield
a: no special abilities


You were on level 2 of the Dungeon.
You were not hungry.

You visited 1 branch of the dungeon, and saw 2 of its levels.

You collected 87 gold pieces.

Inventory:

Hand Weapons
 a - a +0 spear (weapon)
Armour
 c - a +0 buckler (worn)
 d - a +0 robe (worn)
Jewellery
 h - a +3 ring of intelligence {unknown}
Scrolls
 b - a scroll of random uselessness {unknown}
 e - a scroll of identify {unknown}
 g - 2 scrolls of enchant armour {unknown}
 i - a scroll of fog {unknown}
Comestibles
 f - 5 rations


   Skills:
 + Level 3.6 Fighting
 + Level 1.4 Polearms
 + Level 1.5 Dodging
 + Level 0.6 Stealth
 + Level 1.1 Shields
 * Level 1.5 Spellcasting
 + Level 3.0 Ice Magic
   Level 1.0 Evocations


You had 5 spell levels left.
You knew the following spells:

 Your Spells              Type           Power        Failure   Level  Hunger
a - Freeze                Ice            #...         12%         1    ##.....

Your spell library contained the following spells:

 Spells                   Type           Power        Failure   Level  Hunger
 Throw Frost              Conj/Ice       #.....       32%         2    ###....
 Confusing Touch          Hex            #.....       38%         1    ##.....
 Ozocubu's Armour         Chrm/Ice       #.......     54%         3    ####...
 Confuse                  Hex            #.......     77%         3    ####...
 Gell's Gravitas          Tloc           #.........   77%         3    ####...
 Summon Ice Beast         Ice/Summ       #.......     91%         4    #####..
 Throw Icicle             Conj/Ice       #.......     91%         4    #####..
 Petrify                  Tmut/Erth      #.......     99%         4    #####..
 Metabolic Englaciation   Hex/Ice        #.........   99%         5    ######.
 Yara's Violent Unravell  Hex/Tmut       #.........   100%        5    ######.


Dungeon Overview and Level Annotations

Branches:
Dungeon (2/15)

Altars:

Annotations:
D:2 Natasha


Innate Abilities, Weirdness & Mutations

You are partially covered in sharp spines.
When hurt, damage is shared between your health and your magic reserves.


Message History

Natasha claws you.
Your shield prevents you from hitting Natasha.
Natasha is severely wounded.
Natasha claws you.
* * * LOW HITPOINT WARNING * * *
You closely miss Natasha.
Natasha is severely wounded.
Natasha claws you!
* * * LOW HITPOINT WARNING * * *
You aren't carrying any potions.
You closely miss Natasha.
Natasha is severely wounded.
Natasha closely misses you.
You hit Natasha.
Natasha is severely wounded.
Natasha is struck by your spines. Natasha barely misses you.
You hit Natasha but do no damage.
Natasha is almost dead.
Natasha claws you!
You die...

#.# #. ...# #.# #.
##+#..## #.###
#.##...... #...#
#.......## #.#.#
##.......##
######...####.........#
............')........+
#####.....###...รท.....#
#.#.#.# ##..@....##
#.#.#.# ##.h...##
#.#.#.# ##......#
#.>...# ##.###.# ###.###
..# .# #.# ..# # #. ...
..


You could see Natasha.

Vanquished Creatures
  Natasha (D:2)
  An adder (D:2)
  2 worms (D:2)
  A dart slug (D:1)
  A leopard gecko (D:2)
  8 bats
  2 giant cockroaches (D:1)
  5 goblins (D:1)
  7 hobgoblins
  3 kobolds
  A quokka (D:2)
  A ball python (D:2)
  4 frilled lizards
  3 rats
40 creatures vanquished.

Notes
Turn   | Place    | Note
-------+----------+-------------------------------------------
     0 | D:1      | silentkaos13 the Demonspawn Wanderer began the quest for
                  | the Orb.
     0 | D:1      | silentkaos13 set off with the following items: a +0 spear,
                  | a +0 buckler, a +0 robe, a ration; and the following spell
                  | memorised: Freeze; and the following spells available to
                  | memorise: Throw Frost, Ozocubu's Armour, Summon Ice Beast,
                  | Throw Icicle
     0 | D:1      | Reached XP level 1. HP: 18/18 MP: 1/1
   268 | D:1      | Gained mutation: When hurt, damage is shared between your
                  | health and your magic reserves. [demonic ancestry]
   268 | D:1      | Reached XP level 2. HP: 24/24 MP: 1/3
   296 | D:1      | Reached skill level 1 in Spellcasting
   954 | D:2      | Gained mutation: You are partially covered in sharp spines.
                  | [demonic ancestry]
   954 | D:2      | Reached XP level 3. HP: 28/29 MP: 1/4
  1770 | D:2      | Noticed Natasha
  1781 | D:2      | Killed Natasha
  1781 | D:2      | Reached XP level 4. HP: 21/36 MP: 0/6
  1794 | D:2      | Noticed Natasha
  1811 | D:2      | Slain by Natasha

Levels and vault maps discovered:
D:1:      minmay_arrival_four_circles, layout_loops_ring
D:2:      layout_loops_corners, nicolae_qazlal_style_of_elements, uniq_natasha

Skill      XL: |  1  2  3 |
---------------+----------+-----
Spellcasting   | 1 |  1.5
Ice Magic      | 3 |  3.0
Fighting       | |  3.6
Polearms       | |  1.4
Dodging        | |  1.5
Stealth        | |  0.6
Shields        | |  1.1
Evocations     | |  1.0

Action                   |  1- 3 |  4- 6 || total
-------------------------+-------+-------++-------
Melee: Spear             |   115 |    10 ||   125
 Cast: Freeze            |     8 |     1 ||     9
 Stab: Sleeping          |     4 |       ||     4
  Eat: Chunk             |     2 |     1 ||     3
Armor: Robe              |    19 |       ||    19
Dodge: Dodged            |    66 |     7 ||    73
Block: Buckler           |    25 |     2 ||    27

Table legend:
 A = Non-vault XP
 B = Vault XP
 C = Vault XP percentage of total XP
 D = Non-vault monster count
 E = Vault monster count
 F = Vault count percentage of total count
                 A         B        C        D         E       F
            +---------+---------+-------+---------+---------+-------
      Total |      82 |      36 |  30.5 |      39 |       1 |   2.5
            +---------+---------+-------+---------+---------+-------
        D:1 |      40 |       0 |   0.0 |      23 |       0 |   0.0
        D:2 |      42 |      36 |  46.2 |      16 |       1 |   5.9
            +---------+---------+-------+---------+---------+-------
